 Dungeon Crawl Stone Soup version 0.23.2-30-g0e89c35649 (webtiles) character file.

Game seed: 4436625439685947173

58 HASTUR3 the Shield-Bearer (level 4, 0/42 HPs)
             Began as a Naga Fighter on June 17, 2019.
             Succumbed to an adder's poison
             ... on level 2 of the Dungeon.
             The game lasted 00:03:47 (1037 turns).

HASTUR3 the Shield-Bearer (Naga Fighter)            Turns: 1037, Time: 00:03:48

Health: 0/42       AC:  4    Str: 23    XL:     4   Next: 2%
Magic:  4/4        EV:  5    Int:  9    God:
Gold:   22         SH:  9    Dex: 11    Spells: 3/3 levels left

rFire    . . .     SeeInvis +   a - +0 trident
rCold    . . .     Gourm    .   c - +0 shield
rNeg     . . .     Faith    .   b - +0 scale mail
rPois    +         Spirit   .   (no helmet)
rElec    .         Reflect  .   (no cloak)
rCorr    .         Harm     .   (no gloves)
MR       .....     Clarity  +   (no barding)
Stlth    ..........             (no amulet)
HPRegen  0.14/turn              (no ring)
MPRegen  0.09/turn              (no ring)

@: mighty, lethally poisoned (0 -> -2), flying, very slow
A: large, see invisible, clarity, deformed body, poison resistance, slowness 2,
slow metabolism 1, spit poison 1, AC +1
a: Spit Poison


You were on level 2 of the Dungeon.
You were hungry.

You visited 1 branch of the dungeon, and saw 2 of its levels.

You collected 22 gold pieces.

Inventory:

Hand Weapons
 a - a +0 trident (weapon)
Armour
 b - a +0 scale mail (worn)
 c - a +0 shield (worn)
Jewellery
 j - a cursed amulet of inaccuracy {unknown}
Scrolls
 g - a scroll of amnesia {unknown}
 h - a scroll of enchant weapon {unknown}
 i - 3 scrolls of identify {unknown}
Comestibles
 f - 6 rations
 l - 2 chunks of flesh


   Skills:
 - Level 3.0 Fighting
 * Level 3.0 Polearms
 - Level 2.4 Armour
 + Level 2.2 Stealth
 * Level 3.1 Shields


You had 3 spell levels left.
You didn't know any spells.
Your spell library was empty.

Dungeon Overview and Level Annotations

Branches:
Dungeon (2/15)

Altars:


Innate Abilities, Weirdness & Mutations

You cannot wear boots.
Your serpentine skin is tough. (AC +1)
You have supernaturally acute eyesight. (SInv)
Armour fits poorly on your strangely shaped body.
Your system is resistant to poisons. (rPois)
You cover ground very slowly.
You have a slow metabolism.
You can spit poison.
You possess an exceptional clarity of mind.


Message History

The adder is severely wounded.
The adder bites you.
* * * LOW HITPOINT WARNING * * *
You are more poisoned.
The adder poisons you! The adder bites you.
* * * LOW HITPOINT WARNING * * *
It was a potion of flight.
You feel very buoyant.
You fly up into the air.
You feel sick. The adder barely misses you.
It was a potion of mutation.
You feel extremely strange.
Your thoughts seem clearer.
The adder bites you.
* * * LOW HITPOINT WARNING * * *
You feel very mighty all of a sudden. The adder bites you.
* * * LOW HITPOINT WARNING * * *
You block the adder's attack.
You barely miss the adder.
The adder is severely wounded.
You die...

.#####. ######....$..
#..........#
#..........#
#..........#
##+#####..........#.
#......#............
#####......#...รท@S"...#
...##............#....#
...##............# ...#
...''............# ..#
...##............# ##
...########......# ...#
#........... ...#
#####....... ...#
#........


You could see an adder.

Vanquished Creatures
  3 gnolls (D:2)
  An ooze (D:1)
  A dart slug (D:1)
  2 bats
  A giant cockroach (D:1)
  3 goblins (D:1)
  5 hobgoblins (D:1)
  A frilled lizard (D:1)
  3 kobolds (D:1)
  2 rats (D:1)
22 creatures vanquished.

Notes
Turn   | Place    | Note
-------+----------+-------------------------------------------
     0 | D:1      | HASTUR3 the Naga Fighter began the quest for the Orb.
     0 | D:1      | Reached XP level 1. HP: 21/21 MP: 1/1
   171 | D:1      | Reached skill level 1 in Stealth
   171 | D:1      | Reached XP level 2. HP: 28/28 MP: 2/2
   644 | D:1      | Reached XP level 3. HP: 34/34 MP: 3/3
   961 | D:2      | Reached XP level 4. HP: 15/42 MP: 4/4
  1035 | D:2      | Gained mutation: You possess an exceptional clarity of
                  | mind. [potion of mutation]
  1036 | D:2      | HP: 1/42 [adder (3)]
  1037 | D:2      | Succumbed to an adder's poison

Skill      XL: |  1  2  3 |
---------------+----------+-----
Stealth        | 1 2 |  2.2
Shields        | 3 |  3.1
Polearms       | 3 |  3.0
Fighting       | |  3.0
Armour         | |  2.4

Action                   |  1- 3 |  4- 6 || total
-------------------------+-------+-------++-------
Melee: Trident           |    40 |    24 ||    64
 Abil: Spit Poison       |     6 |       ||     6
  Use: Potion            |       |     3 ||     3
Armor: Scale mail        |     3 |    11 ||    14
Dodge: Dodged            |     4 |     9 ||    13
Block: Shield            |    10 |     9 ||    19
